 Dungeon Crawl Stone Soup version 0.31.0-4-g52a2dc7128 (webtiles) character file.

Game seed: 5427771714402240440

9 shmup the Firebug (level 2, 0/24 HPs)
             Began as an Oni Fire Elementalist on Jan 23, 2024.
             Slain by a jackal (2 damage)
             ... on level 1 of the Dungeon.
             The game lasted 00:01:50 (446 turns).

shmup the Firebug (Oni Fire Elementalist)            Turns: 446, Time: 00:01:51

Health: 0/24       AC:  3    Str: 11    XL:     2   Next: 12%
Magic:  0/5        EV:  9    Int: 16    God:
Gold:   31         SH:  0    Dex:  9    Spells: 5/6 levels left

rFire   . . .        d - +0 whip
rCold   . . .        (no shield)
rNeg    . . .        a - +0 robe
rPois   .            (helmet restricted)
rElec   .            (no cloak)
rCorr   .            (gloves unavailable)
SInv    .            (boots unavailable)
Will    .....        (no amulet)
Stlth   +            (no ring)
HPRegen 0.24/turn    (no ring)
MPRegen 0.09/turn

%: no passive effects
@: very slightly contaminated
A: large, unfitting armour, horns 1, tough skin 1, double potion healing,
drunken brawling
a: no special abilities


You were on level 1 of the Dungeon.
You visited 1 branch of the dungeon, and saw 1 of its levels.

You collected 31 gold pieces.

Inventory:

Hand Weapons
 d - a +0 whip (weapon)
 f - a +0 dagger
Missiles
 c - 2 stones (quivered)
Armour
 a - a +0 robe (worn)
Scrolls
 e - a scroll of identify {unknown}
Potions
 b - a potion of magic


   Skills:
 - Level 1.9 Dodging
 - Level 1.5 Stealth
 - Level 2.5 Spellcasting
 - Level 1.0 Conjurations
 * Level 2.9 Fire Magic


You had 5 spell levels left.
You knew the following spells:

 Your Spells              Type           Power      Damage    Failure   Level
a - Foxfire               Conj/Fire      32%        2x1d5     9%          1

Your spell library contained the following spells:

 Spells                   Type           Power      Damage    Failure   Level
 Scorch                   Fire           22%        2d5       9%          2
 Static Discharge         Conj/Air       6%         3-4/arc   24%         2
 Inner Flame              Hex/Fire       6%         N/A       32%         3
 Volatile Blastmotes      Fire/Tloc      12%        2d11      32%         3
 Flame Wave               Conj/Fire      8%         2d5       65%         4
 Airstrike                Air            1%         2d(1-17)  89%         4
 Summon Lightning Spire   Summ/Air       2%         N/A       89%         4


Dungeon Overview and Level Annotations

Branches:
Dungeon (1/15) Zot: 5553

Altars:


Innate Abilities, Weirdness & Mutations

You are too large for most types of armour.
You have a pair of small horns on your head.
You have tough skin. (AC +1)
You gain doubled healing and magic from potions.
Whenever you drink a healing potion, you attack all around you.


Message History

Casting: Foxfire (safe; 9% risk of failure)
Confirm with . or Enter, or press ? or * to list all spells.
You conjure some foxfire!
The jackal bites you. x3
* * * LOW HITPOINT WARNING * * *
The jackal bites you.
* * * LOW HITPOINT WARNING * * *
The jackal bites you.
* * * LOW HITPOINT WARNING * * *
The foxfire hits the jackal.
You kill the jackal!
The jackal bites you.
* * * LOW HITPOINT WARNING * * *
The jackal bites you but does no damage.
The foxfire hits the jackal.
The jackal is heavily wounded.
The jackal attacks as it pursues you!
The jackal bites you but does no damage.
The jackal barely misses you. The jackal bites you.
* * * LOW HITPOINT WARNING * * *
Casting: Foxfire (safe; 9% risk of failure)
Confirm with . or Enter, or press ? or * to list all spells.
You conjure some foxfire!
The jackal bites you but does no damage. x2
The foxfire hits the jackal.
The jackal is moderately wounded.
The foxfire hits the jackal.
The jackal is heavily wounded.
The jackal bites you.
* * * LOW HITPOINT WARNING * * *
The jackal bites you but does no damage.
The jackal attacks as it pursues you! The jackal bites you.
* * * LOW HITPOINT WARNING * * *
The jackal bites you.
* * * LOW HITPOINT WARNING * * *
Casting: Foxfire (safe; 9% risk of failure)
Confirm with . or Enter, or press ? or * to list all spells.
You miscast Foxfire.
You are very lightly contaminated with residual magic.
Nothing appears to happen.
The jackal bites you.
You die...

▒▒▒.....▒ ▒...▒......▒
....▒▒▒.▒▒▒▒▒.▒.▒.▒▒.▒.▒ ▒▒▒.▒
▒.......▒.▒.▒▒.▒.▒
▒.▒▒▒▒▒▒▒▒▒▒▒.▒....▒.▒▒▒▒▒▒▒▒▒
▒.........▒ ▒.▒▒▒▒.▒.▒▒......▒
▒▒▒▒▒▒▒▒▒▒▒.▒ ▒......▒....▒▒▒▒.▒
.........%..▒▒▒▒▒▒▒▒.▒▒▒▒▒▒▒▒▒.▒
▒▒▒▒▒▒▒▒▒.....h.............▒▒.▒
............▒▒▒hO....▒▒▒▒▒▒.▒▒.▒
▒▒.▒▒▒▒▒▒▒▒.▒ ▒.▒▒▒▒▒▒▒▒ ▒.▒▒.▒
▒▒..▒▒▒ ▒.▒ ▒......... ▒▒.▒▒.▒
.▒▒...▒ ▒.▒ ▒.....▒▒▒▒ ▒.....▒
..▒.▒.▒ ▒.▒ ▒.....▒ ▒▒▒▒▒▒▒
8...▒.▒ ▒.▒▒▒.....▒
..▒▒▒.▒▒▒▒▒.........▒▒▒▒ .▒▒
▒................... ▒▒
▒▒▒▒▒▒▒▒▒▒▒▒.▒▒▒▒▒▒▒


You could see 2 jackals.

Vanquished Creatures
  2 goblins (D:1)
  2 jackals (D:1)
  A quokka (D:1)
  A kobold (D:1)
  2 rats (D:1)
8 creatures vanquished.

Vanquished Creatures (others)
  20 foxfires (D:1)
20 creatures vanquished.

Grand Total: 28 creatures vanquished

Notes
Turn   | Place    | Note
-------+----------+-------------------------------------------
     0 | D:1      | shmup the Oni Fire Elementalist began the quest for the
                  | Orb.
     0 | D:1      | Reached XP level 1. HP: 16/16 MP: 3/3
    20 | D:1      | Reached skill level 1 in Conjurations
   435 | D:1      | Reached XP level 2. HP: 24/24 MP: 3/5
   446 | D:1      | Slain by a jackal

Illustrated notes

Levels and vault maps discovered:
D:1:      grunt_arrival_lava_bath, layout_basic, chequers_garden, st_stairs_1,
          amcnicky_mini_pool_small, patterned_corridor

Skill      XL: |  1 |
---------------+----+-----
Conjurations   | 1 |  1.0
Dodging        | |  1.9
Stealth        | |  1.5
Spellcasting   | |  2.5
Fire Magic     | |  2.9

Action                     || total
---------------------------++-------
  Melee: Whip              ||     2
         Headbutt          ||     2
   Cast: Foxfire           ||    12
 Armour: Robe              ||    26
  Dodge: Dodged            ||     8
